 Dungeon Crawl Stone Soup version 0.30-a0-304-gdc4b735fe1 (webtiles) character file.

Game seed: 12493918088370654144

699 MrRokkomies the Sneak (level 7, -9/64 HPs)
             Began as an Armataur Brigand on Oct 20, 2022.
             Was an Initiate of Wu Jian.
             Mangled by a gnoll
             ... wielding a +0 halberd
             ... led by a gnoll sergeant
              (11 damage)
             ... on level 5 of the Dungeon.
             The game lasted 00:12:47 (4447 turns).

MrRokkomies the Sneak (Armataur Brigand)            Turns: 4447, Time: 00:12:48

Health: -9/64      AC:  8    Str: 10 (16) XL:     7   Next: 38%
Magic:  7/7        EV:  9    Int:  6 (12) God:    Wu Jian [......]
Gold:   278        SH:  0    Dex:  7 (13) Spells: 6/6 levels left

rFire   . . .      SeeInvis .    b - +0 lajatang (freeze)
rCold   . . .      Faith    .    (shield currently unavailable)
rNeg    . . .      Spirit   .    o - +2 leather armour {rPois}
rPois   +          Reflect  .    (no helmet)
rElec   .          Harm     .    c - +1 cloak
rCorr   .          Roll     +    (no gloves)
Will    .....                    (no barding)
Stlth   ++........               (no amulet)
HPRegen 0.30/turn                (no ring)
MPRegen 0.10/turn                (no ring)

@: no status effects
A: large, rugged brown scales 3, deformed body, armoured tail, roll, long
tongue, awkward tongue
a: Renounce Religion


You were on level 5 of the Dungeon.
You worshipped Wu Jian.
Wu Jian was noncommittal.
You visited 1 branch of the dungeon, and saw 5 of its levels.

You collected 278 gold pieces.

Inventory:

Hand Weapons
 a - a +2 dagger
 b - a +0 lajatang of freezing (weapon)
Missiles
 d - 8 poisoned darts (quivered)
 g - 3 curare-tipped darts
Armour
 c - a +1 cloak (worn)
 f - a +0 robe
 k - a +0 scale mail
 m - a +0 chain mail
 o - a +2 leather armour of poison resistance (worn)
Wands
 e - a wand of roots (2)
 l - a wand of flame (30)
Scrolls
 h - a scroll of poison
 n - 5 scrolls of identify
 r - a scroll of enchant armour
Potions
 i - 3 potions of flight
 s - a potion of resistance


   Skills:
 * Level 4.6 Fighting
 - Level 2.5 Short Blades
 * Level 3.6 Staves
 - Level 1.7 Throwing
 + Level 2.1 Armour
 + Level 2.3 Dodging
 - Level 5.3 Stealth


You had 6 spell levels left.
You didn't know any spells.
Your spell library contained the following spells:

 Spells                   Type           Power      Damage    Failure   Level
 Cigotuvi's Dreadful Rot  Necr/Pois/Air  0%         N/A       69%         2
 Poisonous Vapours        Pois/Air       0%         N/A       69%         2
 Static Discharge         Conj/Air       0%         2-2/arc   69%         2
 Mephitic Cloud           Conj/Pois/Air  0%         N/A       89%         3
 Vhi's Electric Charge    Tloc/Air       0%         N/A       89%         3
 Summon Lightning Spire   Summ/Air       0%         N/A       100%        4
 Arcjolt                  Conj/Air       0%         1d10      100%        5
 Lightning Bolt           Conj/Air       0%         1d11      100%        5
 Storm Form               Tmut/Air       0%         N/A       100%        7
 Maxwell's Capacitive Co  Air            0%         ∞         100%        8


Dungeon Overview and Level Annotations

Branches:
Dungeon (5/15)
 Temple: D:4-7

Altars:
Ashenzari
Wu Jian
Yredelemnul

Shops:
D:2 (


Innate Abilities, Weirdness & Mutations

You are completely covered in rugged brown scales. (AC +3, +7% HP)
Armour fits poorly on your strangely shaped body.
You have a long armoured tail.
You roll when moving toward enemies. (Rampage)
Your long tongue fully drains potion bottles. (2x potion effects)
Your tongue gives you trouble enunciating. (1.5x scroll delay)


Message History

Things that are here:
a +0 spear; a gnoll corpse You roll towards the gnoll sergeant!
You barely miss the gnoll sergeant.
The gnoll sergeant hits you with a +0 trident.
* * * LOW HITPOINT WARNING * * *
The gnoll closely misses you.
You slurp down every last drop of the potion of curing!
You feel better. The gnoll sergeant barely misses you.
The gnoll hits you from afar with a +0 halberd.
You hit the gnoll sergeant. You freeze the gnoll sergeant.
The gnoll sergeant is moderately wounded.
The gnoll sergeant hits you with a +0 trident.
The gnoll hits you from afar with a +0 halberd!
* * * LOW HITPOINT WARNING * * *
You closely miss the gnoll sergeant. You tail-slap the gnoll sergeant.
The gnoll sergeant is heavily wounded.
The gnoll sergeant closely misses you.
The gnoll hits you from afar with a +0 halberd.
* * * LOW HITPOINT WARNING * * *
The gnoll sergeant completely misses you.
The gnoll hits you from afar with a +0 halberd.
* * * LOW HITPOINT WARNING * * *
Okay, then.
Unknown command.
You slurp down every last drop of the silvery potion!
It was a potion of degeneration.
There was something very wrong with that liquid.
You feel weakened.
You feel dopey.
You feel clumsy.
The gnoll sergeant hits you but does no damage.
The gnoll barely misses you.
You slurp down every last drop of the fizzy silvery potion!
It was a potion of magic.
Magic courses through your body. The gnoll sergeant closely misses you.
The gnoll hits you from afar with a +0 halberd.
* * * LOW HITPOINT WARNING * * *
The air fills with toxic fumes!
As you slowly read the scroll of poison, it crumbles to dust.
The gnoll sergeant hits you but does no damage.
The gnoll hits you from afar with a +0 halberd!
You die...

#..........#.####.#
#......## #.#...##.....#
#.###....#.## ####..##....##
#.##....###.. ##..#....##
#.§§...####.#
##.......####§####......#
###..####..#§## #.......
#....# #.§§## ##....#.
#....##§#####§§§§#####...###
#.### #§ggg@§§§§§§##....## #
#. ##§§#####§##§§.....## #
#§.## .#........###
#.......# ............
#.......# #####.......
#..##.... ##...... .. ...#>
#..##.# # .... .. #.###..
#.... ## ##. ##.


You could see a gnoll sergeant and 2 gnolls.

Vanquished Creatures
  Sigmund (D:2)
  Eustachio (D:4)
  A scorpion (D:4)
  A necrophage (D:4)
  Ijyb (D:4)
  An orc wizard (D:5)
  A scorpion zombie (D:3)
  A hound zombie (D:3)
  3 gnolls (D:5)
  4 adders
  An adder zombie (D:3)
  3 worms
  5 dart slugs
  9 orcs
  4 ball pythons
  8 endoplasms
  3 giant cockroaches
  6 goblins
  10 hobgoblins
  4 jackals (D:2)
  3 quokkas
  A ball python zombie (D:3)
  10 bats
  8 kobolds
  3 rats
93 creatures vanquished.

Notes
Turn   | Place    | Note
-------+----------+-------------------------------------------
     0 | D:1      | MrRokkomies the Armataur Brigand began the quest for the
                  | Orb.
     0 | D:1      | Reached XP level 1. HP: 18/18 MP: 1/1
   250 | D:1      | Reached XP level 2. HP: 19/25 MP: 2/2
   369 | D:1      | Reached skill level 1 in Dodging
   820 | D:1      | Reached XP level 3. HP: 32/32 MP: 3/3
  1373 | D:2      | Reached XP level 4. HP: 39/39 MP: 4/4
  1426 | D:2      | Found Loghuis's Weapon Shop.
  1477 | D:2      | Noticed Sigmund
  1499 | D:2      | Killed Sigmund
  1500 | D:2      | Reached skill level 5 in Stealth
  1500 | D:2      | Reached XP level 5. HP: 25/48 MP: 5/5
  1978 | D:3      | Found a basalt altar of Yredelemnul.
  2012 | D:3      | Reached XP level 6. HP: 54/54 MP: 6/6
  3071 | D:4      | Noticed Eustachio
  3074 | D:4      | Noticed Ijyb
  3108 | D:4      | Killed Ijyb
  3109 | D:4      | Reached skill level 1 in Armour
  3113 | D:4      | Killed Eustachio
  3114 | D:4      | Reached XP level 7. HP: 26/63 MP: 7/7
  3499 | D:5      | Entered Level 5 of the Dungeon
  3720 | D:5      | Found an ornate altar of the Wu Jian Council.
  3997 | D:5      | Became a worshipper of the Wu Jian Council
  4000 | D:5      | Found a broken altar of Ashenzari.
  4444 | D:5      | HP: 3/64 [gnoll/+0 halberd[a gnoll sergeant] (6)]
  4447 | D:5      | Mangled by a gnoll

Illustrated notes

Levels and vault maps discovered:
D:1:      minmay_arrival_cross, layout_loops_ring, serial_forest,
          infiniplex_forest_3_way, infiniplex_forest_split,
          infiniplex_forest_lined_corner, infiniplex_forest_straight_2
D:2:      layout_loops_ring, serial_shops, shop_statue, grunt_ministairs_9,
          uniq_sigmund
D:3:      minmay_recursive_quarters, layout_loops_ring,
          nicolae_yredelemnul_corpse_copse
D:4:      layout_basic, uniq_eustachio, uniq_ijyb
D:5:      layout_layer_cave, mainiacjoe_overflow_large_starburst, serial_shops,
          shop

Skill      XL: |  1  2  3  4  5  6  7 |
---------------+----------------------+-----
Fighting       | 2 3 4 |  4.6
Short Blades   | 2 |  2.5
Dodging        | 1 2 |  2.3
Staves         | 2 3 |  3.6
Stealth        | 5 |  5.3
Armour         | 1 2 |  2.1
Throwing       | |  1.7

Action                   |  1- 3 |  4- 6 |  7- 9 || total
-------------------------+-------+-------+-------++-------
Melee: Dagger            |    80 |       |       ||    80
       Tailslap          |    12 |    15 |     5 ||    32
       Lajatang          |    24 |   121 |    41 ||   186
       Punch             |     1 |       |       ||     1
Throw: Dart              |     2 |    11 |       ||    13
  Use: Scroll            |     1 |     8 |     1 ||    10
       Potion            |       |     4 |     3 ||     7
 Stab: Sleeping          |    10 |     6 |     1 ||    17
Armor: Robe              |    46 |    43 |       ||    89
       Skin              |       |   139 |       ||   139
       Chain mail        |       |    17 |       ||    17
       Leather armour    |       |       |    19 ||    19
Dodge: Dodged            |    52 |    49 |    27 ||   128

Table legend: (Time is in decaauts)
 A = Elapsed time spent in this place.
 B = Non-inter-level travel time spent in this place.
 C = Inter-level travel time spent in this place.
 D = Time resting spent in this place.
 E = Time spent auto-exploring this place.
 F = Levels seen in this place.
 G = Mean time per level.
                   A        B        C        D        E       F      G
               +--------+--------+--------+--------+--------+-----+--------+
         Total |   4493 |   4323 |    170 |    112 |   3481 |   5 |  898.6 |
       Dungeon |   4493 |   4323 |    170 |    112 |   3481 |   5 |  898.6 |
               +--------+--------+--------+--------+--------+-----+--------+

Top non-repeatable levels by time:
     D:2: 981 daAuts
     D:1: 957 daAuts
     D:5: 954 daAuts
     D:3: 865 daAuts
     D:4: 734 daAuts
